 Dungeon Crawl Stone Soup version 0.30-a0-715-gdb4ae3ece1 (webtiles) character file.

Game seed: 1489697914861330985

203 NinjaNoafa the Magician (level 6, 0/46 HPs)
             Began as a Djinni Conjurer on Jan 24, 2023.
             Killed by divine providence
             ... invoked by an orc priest
              (11 damage)
             ... on level 4 of the Dungeon.
             The game lasted 00:02:53 (2404 turns).

NinjaNoafa the Magician (Djinni Conjurer)           Turns: 2404, Time: 00:02:54

Health: 0/46       AC:  2    Str:  6    XL:     6   Next: 8%
Gold:   176        EV: 12    Int: 22    God:
                   SH:  0    Dex: 11

rFire   + + .      SeeInvis .    j - staff of air
rCold   x . .      Faith    .    (no shield)
rNeg    . . .      Spirit   .    a - +0 robe
rPois   ∞          Reflect  .    (no helmet)
rElec   +          Harm     .    (no cloak)
rCorr   .          Rampage  .    (no gloves)
Will    .....                    (boots unavailable)
Stlth   ++                       (no amulet)
HPRegen 0.27/turn                (no ring)
MPRegen 0.00/turn                (no ring)

@: flying
A: sickness immunity, fire resistance 2, cold vulnerability 1, float, innate
caster, HP casting, extra vitality 1
a: no special abilities


You were on level 4 of the Dungeon.
You visited 1 branch of the dungeon, and saw 4 of its levels.

You collected 176 gold pieces.

Inventory:

Hand Weapons
 f - a +0 dagger of venom
Missiles
 g - 4 poisoned darts
 i - 5 javelins
Armour
 a - a +0 robe (worn)
Magical Staves
 j - a staff of air (weapon)
Scrolls
 e - 7 scrolls of identify {unknown}
 h - 4 scrolls of teleportation {unknown}
 l - a scroll of fog {unknown}
 m - 2 scrolls of fear {unknown}
 n - a scroll of immolation {unknown}
 o - 4 scrolls of vulnerability {unknown}
 q - 2 scrolls of poison {unknown}
Potions
 b - a potion of magic
 c - a potion of mutation {unknown}
 d - a potion of invisibility {unknown}
 k - a potion of berserk rage {unknown}
 p - a potion of heal wounds {unknown}
 r - a potion of brilliance {unknown}
 s - a potion of curing {unknown}
 t - a potion of attraction {unknown}


   Skills:
 + Level 3.1 Fighting
 - Level 2.1 Dodging
 - Level 1.5 Stealth
 * Level 4.6 Spellcasting


You couldn't memorise any spells.
You knew the following spells:

 Your Spells              Type           Power      Damage    Failure   Level
a - Magic Dart            Conj           100%       1d8       1%          1
b - Searing Ray           Conj           50%        2d6       2%          2
c - Dazzling Flash        Conj/Hex       50%        N/A       4%          3
d - Fulminant Prism       Conj/Hex       12%        3d9       16%         4
e - Iskenderun's Mystic   Conj/Tloc      25%        2d7       16%         4
f - Shock                 Conj/Air       100%       1d9       1%          1
g - Ensorcelled Hibernat  Hex/Ice        50%        N/A       2%          2
Your spell library was empty.

Dungeon Overview and Level Annotations

Branches:
Dungeon (4/15)
 Temple: D:4-7

Altars:


Innate Abilities, Weirdness & Mutations

You are immune to sickness and miasma.
You are immune to poison.
Your flesh is very heat resistant. (rF++)
You are vulnerable to cold. (rC-)
You float through the air rather than walking.
You learn spells naturally, not from books.
Your magical power is your life essence.
You have superior vitality. (+4 MHP)


Message History

The zap hits the orc.
The orc is severely wounded.
The orc priest mumbles some strange prayers to Beogh against you.
Pain shoots through your body!
* * * LOW HITPOINT WARNING * * *
Aiming: Shock (safe; 1% risk of failure)
Press: ? - help, Q - select action, (/) - cycle Shift-Dir - straight line, f - orc priest
Aim: an orc priest, wielding a +0 flail (74% to hit)
You feel a surge of power!
The zap hits the orc priest.
The orc priest is lightly wounded.
* * * LOW HITPOINT WARNING * * *
Found an escape hatch in the ceiling.
The orc attacks as you move away! The orc barely misses you.
Casting: Shock (safe; 1% risk of failure)
Confirm with . or Enter, or press ? or * to list all spells.
Casting: Dazzling Flash (dangerous; 4% risk of failure)
Press: ? - help, Dir - look around, f - activate The orc is dazzled.
* * * LOW HITPOINT WARNING * * *
The orc barely misses you.
Casting: Dazzling Flash (dangerous; 4% risk of failure)
Confirm with . or Enter, or press ? or * to list all spells.
Casting: Dazzling Flash (dangerous; 4% risk of failure)
Press: ? - help, Dir - look around, f - activate
* * * LOW HITPOINT WARNING * * *
The orc closely misses you.
The orc priest calls down the wrath of Beogh upon you.
Pain shoots through your body!
* * * LOW HITPOINT WARNING * * *
Casting: Dazzling Flash (dangerous; 4% risk of failure)
Confirm with . or Enter, or press ? or * to list all spells.
Aiming: Ensorcelled Hibernation (safe; 2% risk of failure)
Press: ? - help, Shift-Dir - straight line, f - orc priest
Aim: an orc priest, wielding a +0 flail (lightly wounded, chance to affect: 56%)
The orc priest resists with significant effort.
* * * LOW HITPOINT WARNING * * *
The orc closely misses you.
The orc priest mumbles some strange prayers to Beogh against you.
Beogh smites you!
You die...

.......
................<....
.....................
.....................
.....................
....)...............
.....)..##.##....#
...........o@....#
........##.##o...###
...###.#..S....(.....
#.#.#.##........
#+###.#.####...####.
.......)..........
....##.#.####..####
....##...........
.................


You could see an orc priest and an orc (blind).

Vanquished Creatures
  An orc priest (D:3)
  2 orc wizards (D:3)
  A gnoll (D:1)
  4 adders
  3 worms
  9 orcs
  5 ball pythons
  3 endoplasms
  2 giant cockroaches
  5 goblins
  6 hobgoblins
  3 jackals (D:3)
  3 quokkas
  3 bats
  A frilled lizard (D:3)
  4 kobolds
  7 rats
62 creatures vanquished.

Vanquished Creatures (others)
  2 plants (D:1)
2 creatures vanquished.

Grand Total: 64 creatures vanquished

Notes
Turn   | Place    | Note
-------+----------+-------------------------------------------
     0 | D:1      | NinjaNoafa the Djinni Conjurer began the quest for the Orb.
     0 | D:1      | NinjaNoafa set off with the following spells memorised:
                  | Magic Dart, Searing Ray, Dazzling Flash, Fulminant Prism,
                  | Iskenderun's Mystic Blast.
     0 | D:1      | Reached XP level 1. HP: 15/15 MP: 0/0
    27 | D:1      | Found a faded altar of an unknown god.
   193 | D:1      | Reached XP level 2. HP: 15/22 MP: 0/0
   228 | D:1      | Reached skill level 1 in Fighting
   311 | D:1      | Reached XP level 3. HP: 25/27 MP: 0/0
   311 | D:1      | Learned a level 1 spell: Shock
  1449 | D:2      | Reached XP level 4. HP: 33/33 MP: 0/0
  1658 | D:3      | Reached skill level 4 in Spellcasting
  1663 | D:3      | Reached XP level 5. HP: 10/39 MP: 0/0
  1663 | D:3      | Learned a level 2 spell: Ensorcelled Hibernation
  2297 | D:4      | Reached XP level 6. HP: 45/46 MP: 0/0
  2404 | D:4      | Killed from afar by an orc priest

Illustrated notes

Levels and vault maps discovered:
D:1:      wander_arrival_lonely_grave, layout_basic,
          shapermc_ecumenical_altar_rom_forum
D:2:      layout_loops_corners
D:3:      layout_rooms, fountainhead
D:4:      kennysheep_goblin_castle, layout_basic, temple_doors_e

Skill      XL: |  1  2  3  4  5 |
---------------+----------------+-----
Fighting       | 1 2 3 |  3.1
Spellcasting   | 4 |  4.6
Dodging        | |  2.1
Stealth        | |  1.5

Action                     |  1- 3 |  4- 6 || total
---------------------------+-------+-------++-------
   Cast: Magic Dart        |    35 |       ||    35
         Shock             |    19 |    63 ||    82
         Searing Ray       |       |     3 ||     3
         Ensorcelled Hiber |       |     2 ||     2
         Dazzling Flash    |       |     2 ||     2
 Armour: Robe              |     2 |       ||     2
  Dodge: Dodged            |     5 |     9 ||    14

Table legend: (Time is in decaauts)
 A = Elapsed time spent in this place.
 B = Non-inter-level travel time spent in this place.
 C = Inter-level travel time spent in this place.
 D = Time resting spent in this place.
 E = Time spent auto-exploring this place.
 F = Levels seen in this place.
 G = Mean time per level.
                   A        B        C        D        E       F      G
               +--------+--------+--------+--------+--------+-----+--------+
         Total |   2401 |   2332 |     69 |      0 |   2053 |   4 |  600.2 |
       Dungeon |   2401 |   2332 |     69 |      0 |   2053 |   4 |  600.2 |
               +--------+--------+--------+--------+--------+-----+--------+

Top non-repeatable levels by time:
     D:2: 957 daAuts
     D:3: 697 daAuts
     D:1: 615 daAuts
     D:4: 131 daAuts
